 Dungeon Crawl Stone Soup version 0.28-a0-1227-ga9037bb4c8 (webtiles) character file.

Game seed: 2424764960494986768

6881 HessuHobo the Martial Artist (level 10, -6/84 HPs)
             Began as a Purple Draconian Transmuter on Dec 22, 2021.
             Was an Initiate of Yredelemnul.
             Mangled by a two-headed ogre (8 damage)
             ... on level 10 of the Dungeon.
             The game lasted 00:49:31 (15292 turns).

HessuHobo the Martial Artist (DrTm)                Turns: 15292, Time: 00:49:32

Health: -6/84      AC: 13    Str: 13    XL:     10   Next: 79%
Magic:  13/13      EV: 15    Int: 14    God:    Yredelemnul [......]
Gold:   1389       SH:  0    Dex: 21    Spells: 9/13 levels left

rFire   . . .      SeeInvis .     - Unarmed
rCold   . . .      Faith    +   (no shield)
rNeg    . . .      Spirit   .   (armour unavailable)
rPois   .          Reflect  .   (helmet restricted)
rElec   .          Harm     .   w - +2 cloak {rCorr}
rCorr   +          Rampage  .   F - +2 pair of gloves {infuse}
Will    +....                   (no boots)
Stlth   ++........              y - amulet of faith
HPRegen 0.24/turn               p - +6 ring of dexterity
MPRegen 0.13/turn               (no ring)

@: short of breath
A: breathe power, AC +7, unfitting armour, cold-blooded
a: Breathe Dispelling Energy, Renounce Religion, Recall Undead Harvest


You were on level 10 of the Dungeon.
You worshipped Yredelemnul.
Yredelemnul was noncommittal.
You visited 1 branch of the dungeon, and saw 10 of its levels.

You collected 1389 gold pieces.

Inventory:

Missiles
 a - 295 stones (quivered)
 b - a throwing net
Armour
 m - a +0 pair of gloves
 v - a +0 cloak
 w - a +2 cloak of preservation (worn)
 F - a +2 pair of gloves of infusion (worn)
Magical Staves
 r - a staff of cold
 C - a staff of air
Jewellery
 p - a +6 ring of dexterity (left hand)
 y - an amulet of faith (around neck)
Wands
 j - a wand of mindburst (10)
 k - a wand of polymorph (25)
 u - a wand of flame (4)
 G - a wand of acid (9)
Scrolls
 c - 2 scrolls of silence
 d - a scroll of torment
 e - a scroll of holy word
 f - 2 scrolls of magic mapping
 o - a scroll of enchant armour
 q - 2 scrolls of immolation
 A - a scroll of blinking {unknown}
 B - 5 scrolls of teleportation
 E - a scroll of fog {unknown}
Potions
 g - a potion of attraction {unknown}
 h - 2 potions of lignification
 i - a potion of haste {unknown}
 l - a potion of invisibility {unknown}
 n - 7 potions of curing
 s - a potion of berserk rage {unknown}
 t - a potion of heal wounds
 x - 2 potions of resistance
 z - a potion of brilliance {unknown}
 D - a potion of degeneration {unknown}


   Skills:
 + Level 6.4 Fighting
 + Level 4.7 Dodging
 - Level 2.0 Stealth
 * Level 10.7 Unarmed Combat
 - Level 2.4 Spellcasting
 - Level 8.0 Transmutations
 - Level 5.0 Poison Magic
 - Level 5.0 Evocations


You had 9 spell levels left.
You knew the following spells:

 Your Spells              Type           Power      Damage    Failure   Level
a - Beastly Appendage     Tmut           48%        N/A       1%          1
b - Spider Form           Tmut/Pois      19%        N/A       4%          3

Your spell library contained the following spells:

 Spells                   Type           Power      Damage    Failure   Level
 Wereblood                Tmut           24%        N/A       1%          2
 Passwall                 Tmut/Erth      10%        N/A       7%          2
 Ice Form                 Ice/Tmut       12%        N/A       41%         4
 Swiftness                Air            1%         N/A       56%         3


Dungeon Overview and Level Annotations

Branches:
Dungeon (10/15)            Temple (0/1) D:6            Lair (0/6) D:9
    Orc: D:9-12

Altars:
Ashenzari
Dithmenos
Makhleb
Okawaru
Qazlal
Ru
Vehumet
Wu Jian
Xom
Yredelemnul
The Shining One

Shops:
D:3 (!!:   D:9 !

Annotations:
D:2 exclusion: downstairs
D:8 exclusion: deep elf pyromancer


Innate Abilities, Weirdness & Mutations

You can breathe bolts of dispelling energy.
Your rich purple scales are hard. (AC +7)
You cannot fit into any form of body armour.
You are cold-blooded and may be slowed by cold attacks.


Message History

You swap places.
There is an open door here.
You hit the two-headed ogre.
The two-headed ogre is poisoned.
The two-headed ogre is lightly wounded.
Your steam dragon zombie bites the two-headed ogre.
Your steam dragon zombie claws the two-headed ogre.
The two-headed ogre hits your steam dragon zombie with a +0 giant club!
The two-headed ogre hits your steam dragon zombie with a +0 giant club!!
Your steam dragon zombie is destroyed!
The two-headed ogre shouts in stereo!
You hit the two-headed ogre.
The two-headed ogre looks as sick as possible!
The two-headed ogre is moderately wounded.
The two-headed ogre hits you with a +0 giant club! x2
Found a stone staircase leading down.
Your transformation is almost over.
You barely miss the two-headed ogre.
The two-headed ogre is heavily wounded.
The two-headed ogre hits you with a +0 giant club!!
* * * LOW HITPOINT WARNING * * *
The two-headed ogre hits you with a +0 giant club!!
* * * LOW HITPOINT WARNING * * *
Okay, then.
You feel much better.
Okay, then.
Your transformation has ended.
Your +2 cloak of preservation unmelds from your body.
Your +2 pair of gloves of infusion unmelds from your body.
You feel magic pooling in your hands.
Aiming: Breathe Dispelling Energy (3% risk of failure)
Press: ? - help, Shift-Dir - straight line, f - two-headed ogre
Aim: a two-headed ogre, wielding two +0 giant clubs (severely wounded, poisoned)
You breathe a bolt of dispelling energy.
The bolt of dispelling energy hits the two-headed ogre!
The two-headed ogre is almost dead.
The two-headed ogre hits you with a +0 giant club!
* * * LOW HITPOINT WARNING * * *
The two-headed ogre hits you with a +0 giant club!
You die...
Your body rises from the dead as a mindless zombie.

#+# ##..#
#..#
###@##
#..O.#
#....#
#....#
#....#
#....#
#....#
#....####.
#....#.>..


You could see a two-headed ogre (poisoned).

Vanquished Creatures
  Pikel (D:4)
  Maurice (D:8)
  Maggie (D:6)
  Prince Ribbit (D:6)
  Eustachio (D:6)
  4 yaks (D:9)
  2 wyverns (D:9)
  2 steam dragons
  Menkaure (D:5)
  3 water moccasins
  Edmund (D:5)
  Pargi (D:3)
  2 ice beasts
  3 orc warriors
  2 ogres
  2 centaurs
  A lemure (D:4)
  Blork the orc (D:4)
  2 bullfrogs
  A kobold brigand (D:8)
  2 gnoll sergeants
  2 scorpions (D:5)
  2 jellies (D:6)
  A water moccasin skeleton (D:2)
  5 killer bees
  7 wights
  2 howler monkeys (D:8)
  A centaur zombie (D:9)
  A hound (D:5)
  4 orc priests
  Crazy Yiuf (D:6)
  A gnoll shaman (D:9)
  A bullfrog skeleton (D:7)
  2 iguanas
  6 orc wizards
  Ijyb (D:5)
  A killer bee zombie (D:6)
  A mummy (D:6)
  2 gnolls
  9 adders
  A shadow imp (D:7)
  A white imp (D:6)
  2 ufetubi (D:4)
  2 worms
  2 dart slugs
  31 orcs
  7 ball pythons
  3 endoplasms
  3 giant cockroaches
  5 goblins
  7 hobgoblins
  9 kobolds
  A quokka (D:2)
  5 bats
  4 frilled lizards
  2 hobgoblin zombies (D:6)
  An orc zombie (D:6)
  8 rats
179 creatures vanquished.

Vanquished Creatures (collateral kills)
  A wyvern (D:9)
  A basilisk (D:9)
  An acid dragon (D:9)
  A water moccasin (D:4)
  2 ogres (D:6)
  A killer bee (D:9)
  2 wights (D:9)
  2 jellies
  A centaur skeleton (D:5)
  An iguana (D:9)
  A howler monkey skeleton (D:6)
  6 gnolls
  An adder (D:5)
  A white imp (D:7)
  A dart slug (D:3)
  3 orcs
  A goblin (D:3)
  A ball python (D:4)
  A kobold zombie (D:6)
  A rat (D:3)
30 creatures vanquished.

Vanquished Creatures (others)
  A water moccasin zombie (D:9)
  A yak zombie (D:9)
  A centaur zombie (D:9)
  A killer bee zombie (D:9)
  2 ogre zombies
  4 spectral jellies
  A human zombie (D:6)
  A steam dragon zombie (D:10)
  A spectral white imp (D:6)
  2 adder zombies (D:5)
  A bat zombie (D:3)
  2 gnoll zombies (D:7)
  2 kobolds (D:3)
  5 ball python zombies
  A frilled lizard zombie (D:3)
  4 goblin zombies
  2 hobgoblin zombies
  3 kobold zombies
  13 orc zombies
  A rat zombie (D:3)
  2 bushes (D:9)
  6 fungi (D:9)
  19 plants (D:9)
76 creatures vanquished.

Grand Total: 285 creatures vanquished

Notes
Turn   | Place    | Note
-------+----------+-------------------------------------------
     0 | D:1      | HessuHobo the Draconian Transmuter began the quest for the
                  | Orb.
     0 | D:1      | Reached XP level 1. HP: 16/16 MP: 3/3
   408 | D:1      | Reached XP level 2. HP: 7/23 MP: 3/5
   799 | D:1      | Reached skill level 1 in Stealth
  1069 | D:2      | Reached XP level 3. HP: 11/29 MP: 4/6
  1289 | D:2      | Reached skill level 4 in Unarmed Combat
  1307 | D:1      | Reached XP level 4. HP: 26/36 MP: 7/7
  1394 | D:1      | Learned a level 3 spell: Spider Form
  2120 | D:2      | Reached skill level 1 in Poison Magic
  2684 | D:2      | You fall into a shaft and drop 1 floor!
  2708 | D:3      | Found Haaqot's Book Shoppe.
  2990 | D:2      | Found a basalt altar of Yredelemnul.
  3012 | D:2      | Became a worshipper of Yredelemnul the Dark
  3082 | D:3      | Found Nushothra's Antique Weapon Emporium.
  3210 | D:3      | Reached * piety under Yredelemnul
  3281 | D:3      | Noticed Pargi
  3354 | D:3      | Found Imaj's Distillery.
  3405 | D:3      | Reached XP level 5. HP: 38/41 MP: 8/8
  3419 | D:3      | Found a shimmering altar of Xom.
  3642 | D:3      | Killed Pargi
  3799 | D:3      | Found Nunuc's Distillery.
  4073 | D:4      | Reached XP level 6. HP: 40/48 MP: 9/9
  5134 | D:4      | Noticed a water moccasin
  5144 | D:4      | Killed a water moccasin
  5566 | D:4      | Noticed a water moccasin
  5579 | D:4      | Killed a water moccasin
  5580 | D:4      | Reached skill level 5 in Transmutations
  5580 | D:4      | Your scales start taking on a rich purple colour.
  5580 | D:4      | Reached XP level 7. HP: 50/57 MP: 8/10
  5690 | D:4      | Noticed Blork the orc
  5703 | D:4      | Killed Blork the orc
  5704 | D:4      | Reached skill level 5 in Unarmed Combat
  5877 | D:5      | Entered Level 5 of the Dungeon
  6395 | D:5      | Reached XP level 8. HP: 38/63 MP: 9/11
  6566 | D:5      | Noticed Menkaure
  6567 | D:5      | Noticed Edmund
  6990 | D:5      | Noticed Ijyb
  7010 | D:5      | Killed Ijyb
  7073 | D:5      | Your ally Ijyb died
  7301 | D:5      | Noticed Pikel
  7419 | D:6      | Noticed Prince Ribbit
  7483 | D:5      | Killed Menkaure
  7484 | D:5      | Reached skill level 6 in Unarmed Combat
  8010 | D:4      | Killed Pikel
  8408 | D:5      | Reached skill level 5 in Poison Magic
  8615 | D:5      | Killed Edmund
  8616 | D:5      | Reached skill level 7 in Unarmed Combat
  8810 | D:6      | Noticed Eustachio
  8821 | D:6      | Killed Eustachio
  8822 | D:6      | Reached XP level 9. HP: 55/70 MP: 9/12
  8998 | D:6      | Reached ** piety under Yredelemnul
  9014 | D:6      | Your ally Eustachio died
  9439 | D:6      | Killed Prince Ribbit
  9440 | D:6      | Reached skill level 8 in Unarmed Combat
  9930 | D:6      | Found a runed translucent door.
  9930 | D:6      | Noticed Maggie
  9931 | D:6      | Noticed Crazy Yiuf
 10004 | D:6      | Reached skill level 1 in Evocations
 10196 | D:6      | Found a staircase to the Ecumenical Temple.
 10416 | D:6      | Killed Maggie
 10422 | D:6      | Killed Crazy Yiuf
 11025 | D:7      | Reached skill level 9 in Unarmed Combat
 12390 | D:8      | Found an iron altar of Okawaru.
 12395 | D:8      | Reached XP level 10. HP: 75/80 MP: 13/13
 12402 | D:8      | Noticed Maurice
 12423 | D:8      | Killed Maurice
 12424 | D:8      | Reached skill level 5 in Fighting
 12982 | D:8      | Noticed a deep elf pyromancer
 13605 | D:9      | Found Ochu's Distillery.
 13680 | D:9      | Identified a scroll of acquirement
 13681 | D:9      | Acquired 994 gold pieces
 13934 | D:9      | Found a broken altar of Ashenzari.
 13937 | D:9      | Found a burning altar of Makhleb.
 13939 | D:9      | Found an ornate altar of the Wu Jian Council.
 14043 | D:9      | Reached skill level 10 in Unarmed Combat
 14147 | D:9      | Reached *** piety under Yredelemnul
 14301 | D:9      | Identified the +1 leather armour "Wuyqoq" {+Blink rC+}
 14809 | D:9      | Found a staircase to the Lair.
 15026 | D:9      | Found a basalt altar of Yredelemnul.
 15027 | D:9      | Found a sacrificial altar of Ru.
 15027 | D:9      | Found a shadowy altar of Dithmenos.
 15028 | D:9      | Found a glowing golden altar of the Shining One.
 15030 | D:9      | Found a radiant altar of Vehumet.
 15031 | D:9      | Found a stormy altar of Qazlal.
 15091 | D:9      | Reached skill level 5 in Evocations
 15184 | D:10     | Entered Level 10 of the Dungeon
 15184 | D:10     | Noticed a two-headed ogre
 15284 | D:10     | HP: 1/84 [two-headed ogre (18)]
 15292 | D:10     | HP: 2/84 [two-headed ogre (14)]
 15292 | D:10     | Mangled by a two-headed ogre

Illustrated notes

Levels and vault maps discovered:
D:1:      nzn_arrival_crosshair, layout_rooms
D:2:      layout_loops_ring, basic_altar
D:3:      layout_loops_ring, xom_confusion_cloud, serial_shops, shop_fountains,
          shop, shop, nicolae_shop_crystal, minmay_liquid_box,
          minmay_misc_feat_columns, uniq_pargi
D:4:      layout_loops_cross, minmay_misc_feat_x, uniq_blork_the_orc
D:5:      layout_loops_ring, uniq_ijyb, uniq_edmund, uniq_menkaure, uniq_pikel
D:6:      layout_basic, minmay_temple_entry_enclosed_plants,
          minmay_mini_ossuary, uniq_prince_ribbit1, uniq_crazy_yiuf_cottage,
          uniq_eustachio, uniq_maggie
D:7:      layout_layer_cave
D:8:      layout_basic, okawaru_gym_becter, uniq_maurice
D:9:      layout_basic, minitemple, minmay_lair_entry_grove, serial_shops,
          shop_fountains
D:10:     layout_roguey, amcnicky_altar_gilded, mainiacjoe_overflow_alcove_1

Skill      XL: |  1  2  3  4  5  6  7  8  9 10 |
---------------+-------------------------------+-----
Stealth        | 2 |  2.0
Fighting       | 2 3 4 6 |  6.4
Unarmed Combat | 4 5 7 9 10 | 10.7
Poison Magic   | 1 2 3 5 |  5.0
Transmutations | 4 5 6 7 8 |  8.0
Dodging        | 3 4 |  4.7
Evocations     | 3 5 |  5.0
Spellcasting   | |  2.4

Action                   |  1- 3 |  4- 6 |  7- 9 | 10-12 || total
-------------------------+-------+-------+-------+-------++-------
Melee: Unarmed           |    56 |   185 |   362 |   133 ||   736
       Kick              |     7 |    30 |    56 |    15 ||   108
       Headbutt          |     8 |    21 |    29 |     8 ||    66
       Tailslap          |     6 |    24 |    42 |    15 ||    87
       Punch             |       |     2 |     8 |     3 ||    13
Throw: Stone             |       |     9 |    11 |       ||    20
 Cast: Beastly Appendage |    13 |    18 |    29 |     5 ||    65
       Spider Form       |       |       |    14 |     7 ||    21
Invok: Recall Undead Har |       |       |     2 |     3 ||     5
       Dark Bargain      |       |       |       |     2 ||     2
 Abil: Breathe Dispellin |       |       |     5 |     3 ||     8
  Use: Scroll            |       |     4 |     3 |     9 ||    16
       Potion            |       |       |     6 |     1 ||     7
 Stab: Sleeping          |     1 |     3 |     2 |     1 ||     7
       Distracted        |       |     1 |       |       ||     1
Armor: Skin              |    21 |    57 |    81 |    44 ||   203
Dodge: Dodged            |    32 |   118 |   210 |   135 ||   495

Table legend: (Time is in decaauts)
 A = Elapsed time spent in this place.
 B = Non-inter-level travel time spent in this place.
 C = Inter-level travel time spent in this place.
 D = Time resting spent in this place.
 E = Time spent auto-exploring this place.
 F = Levels seen in this place.
 G = Mean time per level.
                   A        B        C        D        E       F      G
               +--------+--------+--------+--------+--------+-----+--------+
         Total |  15236 |  14895 |    341 |   7133 |   4487 |  10 | 1523.6 |
       Dungeon |  15236 |  14895 |    341 |   7133 |   4487 |  10 | 1523.6 |
               +--------+--------+--------+--------+--------+-----+--------+

Top non-repeatable levels by time:
     D:4: 2461 daAuts
     D:6: 2384 daAuts
     D:5: 2090 daAuts
     D:2: 1868 daAuts
     D:8: 1492 daAuts
     D:3: 1426 daAuts
     D:9: 1382 daAuts
     D:1: 1152 daAuts
     D:7: 904 daAuts
    D:10: 73 daAuts
